 Dungeon Crawl Stone Soup version 0.22.1-2-g9c5b331383 (webtiles) character file.

3708 Gargoyl the Skirmisher (level 9, -1/79 HPs)
             Began as a Centaur Abyssal Knight on Dec 11, 2018.
             Was an Elder of Lugonu.
             Slain by a wyvern (10 damage)
             ... on level 7 of the Dungeon.
             The game lasted 00:13:52 (8372 turns).

Gargoyl the Skirmisher (Centaur Abyssal Knight)     Turns: 8372, Time: 00:13:53

Health: -1/79      AC: 10    Str: 16    XL:     9   Next: 91%
Magic:  12/13      EV:  1    Int: 11    God:    Lugonu [****..]
Gold:   293        SH:  8    Dex: 11    Spells: 8/8 levels left

rFire    . . .     SeeInvis .   a - +3 hand axe
rCold    . . .     Gourm    .   q - +0 shield (curse)
rNeg     . . .     Faith    .   h - +0 plate armour
rPois    .         Spirit   .   (no helmet)
rElec    .         Reflect  .   (no cloak)
rCorr    .         Harm     .   (no gloves)
MR       .....                  (no barding)
Stlth    ..........             r - amulet of regeneration
HPRegen  0.63/turn              (no ring)
MPRegen  0.13/turn              (no ring)

@: flying, very quick
A: large, hooves 3, deformed body, speed 2, tough skin 3
a: Depart the Abyss, Bend Space, Banish, Corrupt, Renounce Religion


You were on level 7 of the Dungeon.
You worshipped Lugonu.
Lugonu was greatly pleased with you.
You were not hungry.

You visited 1 branch of the dungeon, and saw 8 of its levels.
You visited the Abyss 1 time.

You collected 293 gold pieces.

Inventory:

Hand Weapons
 a - a +3 hand axe (weapon)
 l - a +0 war axe
Armour
 h - a +0 plate armour (worn)
 q - a cursed +0 shield (worn)
Jewellery
 r - an amulet of regeneration (around neck)
Wands
 n - a wand of enslavement (5)
 w - a wand of acid (14)
Scrolls
 g - 3 scrolls of teleportation
 k - 4 scrolls of remove curse
 m - 2 scrolls of identify
Potions
 b - 2 potions of brilliance
 d - 4 potions of flight
 e - a potion of might {unknown}
 f - a potion of curing
 i - 2 potions of agility {unknown}
 j - 2 potions of resistance {unknown}
 o - a potion of lignification {unknown}
 p - 3 potions of mutation {unknown}
 t - a potion of ambrosia {unknown}
 u - a potion of magic {unknown}
 v - a potion of heal wounds {unknown}
Comestibles
 c - 12 rations
 s - 13 chunks of flesh


   Skills:
 + Level 7.1 Fighting
 + Level 7.0 Axes
 * Level 6.2 Armour
 + Level 1.3 Dodging
 + Level 2.2 Shields
 * Level 6.1 Invocations


You had 8 spell levels left.
You didn't know any spells.
Your spell library contained the following spells:

 Spells                   Type           Power        Failure   Level  Hunger
 Beastly Appendage        Tmut           #.....       100%        1    ##.....
 Sticks to Snakes         Tmut           #.......     100%        2    ###....
 Spider Form              Tmut/Pois      #.........   100%        3    ####...
 Ice Form                 Ice/Tmut       #.......     100%        4    #####..
 Blade Hands              Tmut           #.........   100%        5    ######.


Dungeon Overview and Level Annotations

Branches:
Dungeon (8/15)             Temple (0/1) D:5
   Lair: D:8-11

Altars:
Ashenzari
Dithmenos
Elyvilon
Fedhas
Gozag
Trog
Uskayaw
Xom
Yredelemnul

Shops:
D:4 *

Annotations:
D:8 Joseph


Innate Abilities, Weirdness & Mutations

You have hooves in place of feet.
Armour fits poorly on your strangely shaped body.
You cover ground very quickly.
You have extremely tough skin. (AC +3)


Message History

You climb upwards.
The orc hits you but does no damage. x2
There is a stone staircase leading down here.
Unknown command.
It was a potion of flight.
You feel very buoyant.
You fly up into the air.
You block the wyvern's attack.
It was a potion of curing.
You feel better. The wyvern bites you.
* * * LOW HITPOINT WARNING * * *
The orc hits you but does no damage. You block the wyvern's attack.
You feel better.
The wyvern bites you but does no damage.
You block the orc's attack.
The orc warrior hits you from afar with a trident!
* * * LOW HITPOINT WARNING * * *
The orc priest miscasts a cantrip.
Space bends around you!
You blink.
The orc warrior hits you from afar with a trident.
* * * LOW HITPOINT WARNING * * *
The wyvern bites you!
You die...

#.....#
#>....#
#.....#
#.....###
#....o..#
#..o..#....
#.(o..#####
#...o.l#
######@# #.#
#.# ####..###
# ........#
####. ..##.#
##... ...##o#
#..#
...##.####..#
###
.##.##....$$$#
#.#


You could see an orc warrior, a wyvern, an orc priest and 2 orcs.

Vanquished Creatures
  A glowing orange brain (Abyss:2)
  Pikel (D:8)
  3 slaves (D:8)
  3 orc warriors
  2 ogres
  A phantom (D:6)
  A centaur (D:8)
  Blork the orc (D:6)
  4 bullfrogs
  2 big kobolds
  A water moccasin zombie (D:5)
  2 gnoll sergeants (D:6)
  A wight (D:5)
  A howler monkey (D:5)
  3 crimson imps
  A centaur zombie (D:8)
  A jelly (D:7)
  4 orc wizards
  2 bullfrog skeletons
  2 bullfrog zombies
  4 hounds
  A human zombie (D:8)
  4 orc priests
  2 iguanas
  5 worker ants
  A killer bee zombie (D:6)
  A howler monkey zombie (D:5)
  2 worker ant zombies
  4 gnolls (D:8)
  13 adders
  A shadow imp (D:5)
  6 worms
  A dart slug (D:4)
  2 leopard geckos
  22 orcs
  8 giant cockroaches
  5 hobgoblins
  16 jackals
  5 quokkas
  A ball python (D:5)
  7 bats
  5 frilled lizards
  2 gnoll zombies (D:6)
  9 goblins
  24 kobolds
  A leopard gecko zombie (D:7)
  A quokka skeleton (D:2)
  2 quokka zombies
  13 rats
205 creatures vanquished.

Vanquished Creatures (others)
  A vampire (D:7)
  An orc warrior (D:6)
  An ogre (D:5)
3 creatures vanquished.

Grand Total: 208 creatures vanquished

Notes
Turn   | Place    | Note
-------+----------+-------------------------------------------
     0 | Abyss:1  | Gargoyl the Centaur Abyssal Knight began the quest for the
                  | Orb.
     0 | Abyss:1  | Reached XP level 1. HP: 19/19 MP: 2/2
     9 | Abyss:2  | Found a corrupted altar of Lugonu.
    45 | Abyss:2  | Noticed a glowing orange brain
    55 | Abyss:2  | Noticed a raiju
    55 | Abyss:2  | Noticed a small abomination
    59 | Abyss:2  | Killed a glowing orange brain
    59 | Abyss:2  | Reached XP level 2. HP: 30/30 MP: 2/4
    59 | Abyss:2  | Reached XP level 3. HP: 37/37 MP: 2/5
    59 | Abyss:2  | Reached XP level 4. HP: 44/44 MP: 2/6
    59 | Abyss:2  | Reached XP level 5. HP: 50/50 MP: 2/7
    59 | Abyss:2  | Reached XP level 6. HP: 57/57 MP: 2/8
    60 | Abyss:2  | Noticed a raiju
    60 | Abyss:2  | Noticed a cacodemon
    60 | Abyss:2  | Noticed a large abomination
    63 | D:1      | Escaped the Abyss
   447 | D:1      | Reached * piety under Lugonu
   447 | D:1      | Reached XP level 7. HP: 63/63 MP: 9/9
  1298 | D:2      | Found a shattered altar of Ashenzari.
  1975 | D:2      | Reached ** piety under Lugonu
  2070 | D:3      | Reached skill level 1 in Dodging
  2166 | D:3      | Found a shadowy altar of Dithmenos.
  2769 | D:4      | Found a hide-covered altar of Uskayaw.
  2981 | D:4      | Found Sarisoid's General Store.
  3570 | D:5      | Entered Level 5 of the Dungeon
  4134 | D:5      | Found a white marble altar of Elyvilon.
  4174 | D:5      | Reached *** piety under Lugonu
  4196 | D:5      | Reached XP level 8. HP: 51/70 MP: 11/11
  4552 | D:5      | Found a staircase to the Ecumenical Temple.
  4630 | D:5      | Reached skill level 5 in Axes
  4913 | D:5      | Noticed a moth of wrath
  4938 | D:5      | Found a bloodstained altar of Trog.
  5669 | D:5      | HP: 2/71 [ogre/giant club (22)]
  6954 | D:6      | Found a shimmering altar of Xom.
  6958 | D:6      | Found a blossoming altar of Fedhas.
  7187 | D:6      | Noticed Blork the orc
  7204 | D:6      | Killed Blork the orc
  7204 | D:6      | Reached skill level 5 in Armour
  7275 | D:6      | Reached XP level 9. HP: 74/78 MP: 12/12
  7334 | D:6      | Found a basalt altar of Yredelemnul.
  7530 | D:7      | Found an opulent altar of Gozag.
  7575 | D:6      | Reached skill level 5 in Invocations
  8043 | D:8      | Reached skill level 1 in Shields
  8057 | D:8      | Reached **** piety under Lugonu
  8206 | D:8      | Noticed Pikel
  8263 | D:8      | Killed Pikel
  8355 | D:8      | Noticed Joseph
  8372 | D:7      | Slain by a wyvern

Skill      XL: |  1  2  3  4  5  6  7  8  9 |
---------------+----------------------------+-----
Fighting       | 6 7 |  7.1
Axes           | 3 4 5 7 |  7.0
Armour         | 2 3 5 6 |  6.2
Invocations    | 3 4 6 |  6.1
Dodging        | 1 |  1.3
Shields        | 2 |  2.2

Action                   |  1- 3 |  4- 6 |  7- 9 || total
-------------------------+-------+-------+-------++-------
Melee: Hand axe          |    12 |    30 |   705 ||   747
       Kick              |     7 |     7 |   189 ||   203
Invok: Depart the Abyss  |       |     1 |       ||     1
       Banish            |       |       |     4 ||     4
       Bend Space        |       |       |     4 ||     4
Evoke: Wand              |       |       |     1 ||     1
  Use: Scroll            |       |       |    12 ||    12
       Potion            |       |       |     3 ||     3
  Eat: Chunk             |       |       |    19 ||    19
       Ration            |       |       |     1 ||     1
Armor: Ring mail         |       |     8 |   104 ||   112
       Plate armour      |       |       |   366 ||   366
       Skin              |       |       |     2 ||     2
Dodge: Dodged            |       |    16 |   116 ||   132
Block: Shield            |       |       |   154 ||   154
